 Dungeon Crawl Stone Soup version 0.29.1-4-g47bece8355 (webtiles) character file.

Game seed: 8702488044944377116

56 sizableburger the Magician (level 3, -3/20 HPs)
             Began as a Deep Elf Transmuter on Dec 1, 2022.
             Slain by Natasha (5 damage)
             ... on level 2 of the Dungeon.
             The game lasted 00:05:36 (2036 turns).

sizableburger the Magician (Deep Elf Transmuter)    Turns: 2036, Time: 00:05:37

Health: -3/20      AC:  4    Str:  9    XL:     3   Next: 71%
Magic:  9/9        EV: 13    Int: 17    God:
Gold:   126        SH:  0    Dex: 15    Spells: 5/8 levels left

rFire   . . .      SeeInvis .     - Unarmed
rCold   . . .      Faith    .   (no shield)
rNeg    . . .      Spirit   .   a - +0 robe
rPois   .          Reflect  .   (no helmet)
rElec   .          Harm     .   (no cloak)
rCorr   .          Rampage  .   c - +1 pair of gloves
Will    .....                   (no boots)
Stlth   +.........              (no amulet)
HPRegen 0.06/turn               (no ring)
MPRegen 0.11/turn               (no ring)

@: hasted and slowed
A: no striking features
a: no special abilities


You were on level 2 of the Dungeon.
You visited 1 branch of the dungeon, and saw 2 of its levels.

You collected 126 gold pieces.

Inventory:

Missiles
 h - 3 javelins
 n - a poisoned dart (quivered)
Armour
 a - a +0 robe (worn)
 c - a +1 pair of gloves (worn)
Jewellery
 k - a +6 ring of dexterity
Scrolls
 d - 2 scrolls of blinking
 e - a scroll of summoning {unknown}
 f - 2 scrolls of amnesia
 g - a scroll of fear
 j - a scroll of identify {unknown}
 m - a scroll of enchant armour {unknown}
Potions
 b - a potion of haste
 i - a potion of cancellation {unknown}
 o - a potion of attraction {unknown}
 p - a potion of brilliance {unknown}


   Skills:
 - Level 1.4 Fighting
 + Level 2.8 Dodging
 + Level 3.0 Unarmed Combat
 - Level 3.0 Spellcasting
 - Level 2.6 Transmutations
 + Level 1.3 Poison Magic


You had 5 spell levels left.
You knew the following spells:

 Your Spells              Type           Power      Damage    Failure   Level
a - Beastly Appendage     Tmut           22%        N/A       6%          1
b - Wereblood             Tmut           11%        N/A       9%          2

Your spell library contained the following spells:

 Spells                   Type           Power      Damage    Failure   Level
 Apportation              Tloc           4%         N/A       17%         1
 Necrotise                Necr           8%         1d4       17%         1
 Summon Small Mammal      Summ           8%         N/A       17%         1
 Spider Form              Tmut/Pois      9%         N/A       22%         3
 Ice Form                 Ice/Tmut       7%         N/A       71%         4


Dungeon Overview and Level Annotations

Branches:
Dungeon (2/15)

Altars:

Annotations:
D:2 Natasha


Message History

Press: ? - help, Q - select action, (/) - cycle Shift-Dir - straight line, f - iron imp
Aim: an iron imp (summoned, 65% to hit)
You throw a poisoned dart.
The poisoned dart closely misses the iron imp.
Something claws you. x2
Throw: 5 darts (poison)
Press: ? - help, Q - select action, (/) - cycle Shift-Dir - straight line, f/p - iron imp
Aim: an iron imp (summoned, 65% to hit)
Okay, then.
You feel much better. Something claws you.
Throw: 5 darts (poison)
Press: ? - help, Q - select action, (/) - cycle Shift-Dir - straight line, p - iron imp You throw a poisoned dart.
The poisoned dart hits the iron imp.
Something barely misses you. x2
Unknown command.
Unknown command.
Throw: 4 darts (poison)
Press: ? - help, Q - select action, (/) - cycle Shift-Dir - straight line You throw a poisoned dart.
The poisoned dart closely misses the iron imp.
Something claws you but does no damage.
Unknown command.
Throw: 3 darts (poison)
Press: ? - help, Q - select action, (/) - cycle Shift-Dir - straight line You throw a poisoned dart.
You hear some strange, mumbled words.
Something claws you.
Unknown command.
Throw: 2 darts (poison)
Press: ? - help, Q - select action, (/) - cycle Shift-Dir - straight line You throw a poisoned dart.
Something claws you.
Unknown command.
You barely miss something. Something claws you.
* * * LOW HITPOINT WARNING * * *
The crimson imp blinks!
Something claws you.
* * * LOW HITPOINT WARNING * * *
Unknown command.
It was a potion of haste.
You feel yourself speed up. Something claws you.
You die...

### #.. ..# ....#
#(# #.#
#...#########5####.#
#.......{.)....#.#
##.########.##.#.##
#.. #(......# ..(#
#5##.##.# ..##
#{##.##.# ###
#@##.##.# #.##.##.#
####### #.......#
#.....# ####.####
#.....# #.# #.....#
#.# #.....# #.#
##.....## ##.#
#.......# #..#


You could see an iron imp (summoned) and a crimson imp (summoned).

Vanquished Creatures
  2 adders (D:2)
  2 endoplasms (D:1)
  6 goblins
  4 hobgoblins (D:2)
  4 jackals (D:1)
  5 kobolds
  2 quokkas (D:1)
  6 ball pythons
  A frilled lizard (D:1)
  4 rats
36 creatures vanquished.

Notes
Turn   | Place    | Note
-------+----------+-------------------------------------------
     0 | D:1      | sizableburger the Deep Elf Transmuter began the quest for
                  | the Orb.
     0 | D:1      | Reached XP level 1. HP: 11/11 MP: 6/6
   332 | D:1      | Reached skill level 1 in Fighting
   369 | D:1      | Reached XP level 2. HP: 11/16 MP: 6/8
   382 | D:1      | Learned a level 2 spell: Wereblood
  1419 | D:1      | Reached XP level 3. HP: 14/20 MP: 7/9
  1623 | D:2      | Reached skill level 1 in Poison Magic
  1823 | D:2      | Found a faded altar of an unknown god.
  2013 | D:2      | Noticed Natasha
  2036 | D:2      | Slain by Natasha

Illustrated notes

Levels and vault maps discovered:
D:1:      minmay_arrival_five_plusses, layout_loops_ring,
          minmay_misc_feat_four_crosses, st_stairs_5
D:2:      layout_loops_cross, hellmonk_ecumenical_altar_crossroads, uniq_natasha

Skill      XL: |  1  2  3 |
---------------+----------+-----
Fighting       | 1 |  1.4
Poison Magic   | 1 |  1.3
Unarmed Combat | 3 |  3.0
Dodging        | |  2.8
Spellcasting   | |  3.0
Transmutations | |  2.6

Action                   || total
-------------------------++-------
Melee: Unarmed           ||    96
       Kick              ||    15
       Headbutt          ||    10
Throw: Javelin           ||     8
       Dart              ||     9
 Cast: Beastly Appendage ||    19
       Wereblood         ||     6
  Use: Scroll            ||     3
       Potion            ||     4
Armor: Robe              ||    32
       Skin              ||     6
Dodge: Dodged            ||    51
